 Dungeon Crawl Stone Soup version 0.31.0-4-g52a2dc7128 (webtiles) character file.

Game seed: 4301909995708047393

132984 Implojin the Black Belt (level 16, -1/78 (88) HPs)
             Began as a Vine Stalker Necromancer on Jan 21, 2024.
             Was the Champion of Ru.
             Killed from afar by a naga sharpshooter (3 damage)
             ... with a splash of poison
             ... on level 3 of the Snake Pit.
             The game lasted 00:49:45 (25292 turns).

Implojin the Black Belt (Vine Stalker Necromancer) Turns: 25292, Time: 00:49:46

HP:   -1/78 (88)    AC: 38    Str: 22    XL:     16   Next: 13%
MP:   0/30          EV:  4    Int: 13    God:    Ru [******]
Gold: 2602          SH: 12    Dex: 20    Spells: 33/33 levels left

rFire   + + +        Y - +9 lance "Wyrmbane" {slay drac, rPois rF+ rC+ AC+3}
rCold   + . .        z - +0 kite shield
rNeg    . . .        G - +10 plate armour of Patience {rF+ SInv}
rPois   +            v - +2 helmet
rElec   .            D - +2 cloak
rCorr   +            e - +0 pair of gloves
SInv    +            i - +1 pair of boots of the Zebra {rF+ Str+5 Dex-3}
Will    ++...        K - amulet of magic regeneration Stlth
                     c - +4 ring of slaying
HPRegen 1.13/turn    r - ring of Nusan {rPois rCorr AC+4 Int-2 Dex+6}
MPRegen 0.62/turn

%: guardian spirit
@: exhausted, about to teleport, marked, constricted, studying Ice Magic,
heavily drained
A: fangs 3, regeneration 1, magic shield, antimagic bite, no potion heal 2,
inability to use devices, hated by all, reduced AC 1, inexperienced 1, no forms
a: Renounce Religion, Draw Out Power, Power Leap, Apocalypse


You were on level 3 of the Snake Pit.
You worshipped Ru.
Ru was exalted by your worship.
You visited 4 branches of the dungeon, and saw 25 of its levels.
You also visited: Bailey and Ice Cave.

You collected 4330 gold pieces.
You spent 1728 gold pieces at shops.

Inventory:

Hand Weapons
 Y - the +9 lance "Wyrmbane" (weapon) {slay drac, rPois rF+ rC+ AC+3}
   (You took it off Maggie on level 2 of the Lair of Beasts)

   AC+3:      It affects your AC (+3).
   rF+:       It protects you from fire.
   rC+:       It protects you from cold.
   rPois:     It protects you from poison
Missiles
 h - 11 boomerangs
 k - 8 throwing nets
 s - 3 curare-tipped darts (quivered)
 u - 4 atropa-tipped darts
 O - 10 javelins
Armour
 e - a +0 pair of gloves (worn)
 i - the +1 pair of boots of the Zebra (worn) {rF+ Str+5 Dex-3}
   (You found it on level 1 of the Snake Pit)

   Str+5:     It affects your strength (+5).
   Dex-3:     It affects your dexterity (-3).
   rF+:       It protects you from fire.
 v - a +2 helmet (worn)
 z - a +0 kite shield (worn)
 D - a +2 cloak (worn)
 G - the +10 plate armour of Patience (worn) {rF+ SInv}
   (You bought it in a shop on level 1 of the Dungeon)

   rF+:       It protects you from fire.
   SInv:      It lets you see invisible.
 J - a +0 tower shield
 Z - +1 swamp dragon scales
Jewellery
 c - a +4 ring of slaying (left hand)
 g - a ring of flight
 m - a ring of see invisible
 p - an amulet of regeneration
 r - the ring of Nusan (right hand) {rPois rCorr AC+4 Int-2 Dex+6}
   (You took it off a gnoll on level 3 of the Dungeon)

   [ring of protection]

   AC+4:      It affects your AC (+4).
   Int-2:     It affects your intelligence (-2).
   Dex+6:     It affects your dexterity (+6).
   rPois:     It protects you from poison rCorr: It protects you from acid and
   corrosion.
 C - a ring of protection from cold
 F - a ring of ice
 K - an amulet of magic regeneration (around neck)
 T - the ring "Puifit" {rPois rF++ Str+2 Int-3}
   (You found it on level 11 of the Dungeon)

   [ring of poison resistance]

   Str+2:     It affects your strength (+2).
   Int-3:     It affects your intelligence (-3).
   rF++:      It greatly protects you from fire.
   rPois:     It protects you from poison
Scrolls
 a - 5 scrolls of vulnerability
 d - 2 scrolls of silence
 w - 2 scrolls of identify
 y - 5 scrolls of fog
 E - 6 scrolls of teleportation
 H - a scroll of blinking
 V - 3 scrolls of poison
Potions
 b - 3 potions of magic
 f - 4 potions of resistance
 j - a potion of might
 l - 2 potions of invisibility
 n - 8 potions of mutation
 o - 2 potions of haste
 q - 5 potions of berserk rage
 t - a potion of ambrosia
 A - 14 potions of curing
 B - 2 potions of cancellation
 I - 5 potions of attraction
 M - 3 potions of enlightenment


   Skills:
 - Level 12.1 Fighting
 - Level 12.0 Polearms
 - Level 11.5 Armour
 - Level 1.5 Dodging
 - Level 2.4 Stealth
 - Level 10.0 Shields
 - Level 15.0 Unarmed Combat
 * Level 9.0 Spellcasting
 - Level 4.0 Necromancy


You had 33 spell levels left.
You didn't know any spells.
Your spell library contained the following spells:

 Spells                   Type           Power      Damage    Failure   Level
 Necrotise                Necr           64%        1d7       45%         1
 Sublimation of Blood     Necr           16%        N/A       61%         2
 Vampiric Draining        Necr           16%        2d7       83%         3
 Apportation              Tloc           10%        N/A       95%         1
 Magic Dart               Conj           20%        1d4       95%         1
 Sting                    Conj/Alch      20%        1d4       95%         1
 Blink                    Tloc           10%        N/A       99%         2
 Ensorcelled Hibernation  Hex/Ice        10%        N/A       99%         2
 Jinxbite                 Hex            10%        N/A       99%         2
 Dazzling Flash           Conj/Hex       10%        N/A       100%        3
 Frozen Ramparts          Ice            10%        1d2       100%        3
 Inner Flame              Hex/Fire       5%         N/A       100%        3
 Passwall                 Erth           5%         N/A       100%        3
 Swiftness                Air            5%         N/A       100%        3
 Volatile Blastmotes      Fire/Tloc      10%        2d10      100%        3
 Fulminant Prism          Conj/Alch      2%         3d5       100%        4
 Iskenderun's Mystic Bla  Conj/Tloc      5%         2d3       100%        4
 Leda's Liquefaction      Alch/Erth      2%         N/A       100%        4
 Petrify                  Alch/Erth      5%         N/A       100%        4
 Alistair's Intoxication  Alch           3%         N/A       100%        5
 Curse of Agony           Necr           16%        N/A       100%        5
 Irradiate                Conj/Alch      2%         3d12      100%        5
 Metabolic Englaciation   Hex/Ice        2%         N/A       100%        5
 Starburst                Conj/Fire      2%         6d3       100%        6
 Ignition                 Fire           2%         3d3       100%        8
 Maxwell's Capacitive Co  Air            2%         ∞         100%        8
 Summon Small Mammal      Summ           Unusable   N/A       N/A         1
 Call Imp                 Summ           Unusable   N/A       N/A         2
 Animate Dead             Necr           Unusable   N/A       N/A         4

Dungeon Overview and Level Annotations

Branches:
Dungeon (15/15)            Temple (0/1) D:7            Lair (5/5) D:9
 Shoals (0/4) Lair:3        Snake (3/4) Lair:2        Slime (0/5) Lair:5
    Orc (2/2) D:10            Elf (0/3) Orc:2        Vaults (0/5) D:13
 Depths (0/4) D:15         Bailey (visited)           IceCv (visited)

Altars:
Ashenzari
Cheibriados
Elyvilon
Kikubaaqudgha
Nemelex Xobeh
Ru
Xom

Shops:
D:1 [   D:5 !   D:10 ?   D:12 *   D:13 :   Orc:2 [(*=

Annotations:
D:12 1 runed translucent door, exclusion: door, Laraso's ghost, journeyman DEEE
Lair:3 2 transporters, osinmv's ghost, journeyman MiBe


Innate Abilities, Weirdness & Mutations

You have razor-sharp teeth.
Your natural rate of healing is unusually fast.
When hurt, damage is shared between your health and your magic reserves.
Your bite disrupts and absorbs the magic of your enemies.
Potions cannot restore your health.
You cannot study or use magical devices.
You are hated by all.
You take slightly more damage. (AC -5)
You are somewhat inexperienced. (-1 XL)
You cannot voluntarily change form.


Message History

A shock serpent comes into view.
You feel sick.
The guardian serpent casts a spell at you.
The naga blinks! x2; The shock serpent blinks!
The naga blinks!
The naga sharpshooter blinks!
A naga comes into view. It is wielding a +0 scimitar.
Okay, then.
As you read the scroll of teleportation, it crumbles to dust.
You feel strangely unstable.
You feel sick.
The shock serpent shoots out a bolt of lightning at you!
The bolt of electricity hits you!! The bolt of electricity hits you!
The bolt of electricity hits the shock serpent.
The shock serpent completely resists.
You focus your inner power and blind the shock serpent in retribution!
You block the naga's attack. x2; The naga hits you with a +0 broad axe!
The naga closely misses you.
The naga sharpshooter gestures wildly while chanting.
The naga sharpshooter is stunned by your conviction and fails to attack.
You redirect the naga's attack!
The naga hits you with a +0 short sword!
The naga grabs you. The naga constricts you.
The shock serpent bites you but does no damage.
Danger: Low HP Warning |T3| Reason: 1% HP (1/78)
Okay, then.
Okay, then.
Okay, then.
Okay, then.
Okay, then.
Your system rejects the healing.
You feel better.
A black mamba comes into view.
You block the naga's attack.
You redirect the naga's attack!
The shock serpent barely misses you. You block the naga's attack.
A salamander comes into view. It is wielding a +2 halberd of venom.
The naga spits poison at you. You block the splash of poison.
The naga constricts you.
The naga sharpshooter is stunned by your conviction and fails to attack.
The naga sharpshooter spits poison at you.
The splash of poison hits you. You resist.
You die...

....... #. .......
#.. N...... ##..#
##+#.......
......#+#....^§.<..
#............§.....
+..........<..S....
#........SNN>####..
........SN@###
.........N##
.........##
.........##
...N......##
..........N###...
.####.......N....
###.....N....
#..........


You could see a naga sharpshooter (catching breath), a salamander, a shock
serpent (blind, unable to see you), a guardian serpent, a black mamba and 4
nagas.

Vanquished Creatures
  Saint Roka (Orc:2)
  Frances (D:13)
  Kirke (Lair:5)
  A reaper (IceCv)
  An orc warlord (Orc:2)
  Nessos (D:13)
  Snorg (D:13)
  A yaktaur captain (D:13)
  Josephine (D:9)
  6 hydras
  3 anacondas
  An ogre mage (D:11)
  A death knight (D:13)
  6 centaur warriors
  2 rakshasas
  5 boulder beetles
  7 two-headed ogres
  4 death yaks
  6 naga warriors
  2 orc high priests (Orc:2)
  An occultist (D:15)
  4 tengu warriors
  2 naga sharpshooters
  Nergalle (D:10)
  4 shock serpents
  Urug (D:10)
  A skyshark (Lair:3)
  Lodul (D:14)
  7 mana vipers
  A phantasmal warrior (D:13)
  3 deep elf pyromancers
  4 naga ritualists
  2 orc knights
  2 harpies (Lair:3)
  A necromancer (D:15)
  2 deep elf zephyrmancers
  3 manticores
  2 wolf spiders
  5 salamanders
  5 cyclopes
  4 orc sorcerers
  12 ugly things
  A centaur zombie (D:15)
  15 elephants
  4 kobold blastminers (Orc:2)
  3 guardian serpents
  5 naga magi
  A black mamba (shapeshifter) (D:14)
  An ice statue (IceCv)
  12 cane toads
  A torpor snail (Lair:3)
  A centaur skeleton (D:15)
  19 black mambas
  Maggie (Lair:2)
  A gargoyle (D:12)
  A kobold demonologist (D:10)
  A redback zombie (D:15)
  A tengu conjurer (D:15)
  An efreet (D:14)
  12 komodo dragons
  3 freezing wraiths
  A troll (shapeshifter) (D:11)
  2 ice devils (Orc:1)
  5 trolls
  5 hornets
  2 polar bears (Lair:5)
  Grinder (D:5)
  Prince Ribbit (D:6)
  3 blink frogs (Lair:5)
  8 dream sheep
  Sigmund (D:4)
  3 shadows
  A centaur simulacrum (D:15)
  13 spriggans (Lair:5)
  8 slime creatures (D:13)
  A hog (shapeshifter) (D:11)
  A spriggan (shapeshifter) (D:11)
  9 wraiths
  A vampire (D:10)
  5 hogs (Lair:5)
  61 yaks
  3 wyverns
  4 basilisks
  Eustachio (D:5)
  5 wargs
  3 death yak simulacra (IceCv)
  2 humans (Lair:5)
  A steam dragon (D:9)
  20 vampire mosquitoes
  20 nagas
  Edmund (D:5)
  A harpy simulacrum (IceCv)
  9 water moccasins
  3 hydra simulacra (IceCv)
  2 acid dragons (D:11)
  33 orc warriors
  4 black bears (Lair:5)
  An ice beast (D:7)
  16 ogres
  2 sky beasts
  2 laughing skulls (D:15)
  29 wolves
  4 boggarts (Lair:5)
  5 centaurs
  4 kobold brigands
  11 bullfrogs
  2 cane toad simulacra (IceCv)
  A wyvern zombie (D:11)
  9 gnoll sergeants
  4 scorpions
  3 two-headed ogre simulacra (IceCv)
  9 wights
  3 killer bees (D:10)
  3 elephant simulacra (IceCv)
  4 howler monkeys (D:11)
  3 bombardier beetles
  3 hounds
  7 gnoll boudas
  19 orc priests
  A jelly (D:8)
  3 iguanas
  Ijyb (D:4)
  30 orc wizards
  9 spriggan simulacra (IceCv)
  6 troll simulacra (IceCv)
  Terence (D:3)
  4 polar bear simulacra (IceCv)
  2 wolf simulacra (IceCv)
  41 gnolls
  7 adders
  6 naga simulacra (IceCv)
  7 white imps (IceCv)
  An ufetubus (IceCv)
  A ribbon worm (D:2)
  3 dart slugs
  84 orcs
  10 ball pythons
  2 bats
  6 endoplasms
  A giant cockroach (D:3)
  8 hobgoblins
  8 jackals
  15 kobolds
  A quokka (D:1)
  7 frilled lizards
  25 goblins
  6 rats
888 creatures vanquished.

Vanquished Creatures (others)
  A hydra (Lair:5)
  An elephant (Lair:1)
  A naga mage (Snake:2)
  A komodo dragon (Lair:3)
  A polar bear (Lair:5)
  A warg (D:10)
  A naga (Snake:2)
  A wolf (Bailey)
  An orc priest (D:15)
  2 gnolls (D:10)
  An orc (Orc:2)
12 creatures vanquished.

Grand Total: 900 creatures vanquished

Notes
Turn   | Place    | Note
-------+----------+-------------------------------------------
     0 | D:1      | Implojin the Vine Stalker Necromancer began the quest for
                  | the Orb.
     0 | D:1      | Reached XP level 1. HP: 9/9 MP: 4/4
   168 | D:1      | Reached skill level 1 in Unarmed Combat
   251 | D:1      | Reached XP level 2. HP: 13/13 MP: 6/6
   396 | D:2      | Reached skill level 2 in Unarmed Combat
   419 | D:2      | Reached XP level 3. HP: 16/16 MP: 7/7
   679 | D:2      | Reached skill level 3 in Unarmed Combat
  1072 | D:3      | Noticed Terence
  1203 | D:1      | Reached XP level 4. HP: 11/21 MP: 3/8
  1241 | D:1      | Found Ilullino's Armour Shop.
  1519 | D:1      | Reached skill level 4 in Unarmed Combat
  1582 | D:1      | Identified a scroll of acquirement
  1583 | D:1      | Acquired 1051 gold pieces
  1645 | D:3      | Killed Terence
  1656 | D:3      | Reached XP level 5. HP: 13/24 MP: 3/9
  1659 | D:3      | Reached skill level 5 in Unarmed Combat
  1739 | D:3      | Found a snail-covered altar of Cheibriados.
  1758 | D:3      | Identified the ring of Nusan {rPois rCorr AC+4 Int-2 Dex+6}
  1856 | D:2      | Reached XP level 6. HP: 18/28 MP: 3/10
  1985 | D:3      | Found a sacrificial altar of Ru.
  2212 | D:4      | Reached skill level 6 in Unarmed Combat
  2256 | D:4      | Reached skill level 7 in Unarmed Combat
  2256 | D:4      | Reached XP level 7. HP: 13/32 MP: 6/11
  2393 | D:4      | Noticed Sigmund
  2397 | D:4      | Found a broken altar of Ashenzari.
  2678 | D:4      | Killed Sigmund
  2679 | D:4      | Reached skill level 8 in Unarmed Combat
  2679 | D:4      | Reached skill level 1 in Fighting
  2883 | D:4      | Noticed Ijyb
  2895 | D:4      | Killed Ijyb
  2900 | D:4      | Gained mutation: You have razor-sharp teeth. [Vine Stalker
                  | growth]
  2900 | D:4      | Reached XP level 8. HP: 33/39 MP: 7/12
  3052 | D:1      | Bought the +10 plate armour of Patience {rF+ SInv} for 1276
                  | gold pieces
  3147 | D:3      | Became a worshipper of Ru the Awakened
  3181 | D:5      | Entered Level 5 of the Dungeon
  3312 | D:5      | Noticed Eustachio
  3338 | D:5      | Killed Eustachio
  3339 | D:5      | Reached skill level 1 in Armour
  3382 | D:5      | Noticed Grinder
  3391 | D:5      | Killed Grinder
  3711 | D:5      | Found Wiottew's Distillery.
  3868 | D:5      | Noticed Edmund
  3883 | D:5      | Killed Edmund
  3884 | D:5      | Reached skill level 5 in Armour
  4325 | D:6      | Reached XP level 9. HP: 44/44 MP: 13/13
  4329 | D:6      | Noticed Prince Ribbit
  4342 | D:6      | Killed Prince Ribbit
  4528 | D:6      | Reached skill level 9 in Unarmed Combat
  4894 | D:7      | Found a flagged portal.
  4914 | Bailey   | Entered a bailey
  4926 | Bailey   | Gained mutation: You take slightly more damage. (AC -5) [Ru
                  | sacrifice]
  4926 | Bailey   | Reached * piety under Ru
  5101 | Bailey   | Reached skill level 10 in Unarmed Combat
  5312 | Bailey   | Reached skill level 11 in Unarmed Combat
  5312 | Bailey   | Reached XP level 10. HP: 49/49 MP: 12/14
  5677 | D:7      | Found a shimmering altar of Xom.
  5728 | D:7      | Found a staircase to the Ecumenical Temple.
  6350 | D:7      | Reached skill level 12 in Unarmed Combat
  6551 | D:5      | Bought a potion of haste for 140 gold pieces
  6551 | D:5      | Bought a potion of cancellation for 112 gold pieces
  6551 | D:5      | Bought a potion of enlightenment for 70 gold pieces
  7176 | D:8      | Found a white marble altar of Elyvilon.
  7193 | D:8      | Gained mutation: You are hated by all. [Ru sacrifice]
  7193 | D:8      | Reached ** piety under Ru
  7193 | D:8      | Reached *** piety under Ru
  7306 | D:8      | Reached skill level 5 in Fighting
  7361 | D:8      | Found a sparkling altar of Nemelex Xobeh.
  7559 | D:9      | Noticed a death yak
  7559 | D:9      | Noticed a death yak
  7589 | D:9      | Killed a death yak
  7594 | D:9      | Reached XP level 11. HP: 57/58 MP: 15/15
  7608 | D:9      | Noticed a death yak
  7666 | D:9      | Killed a death yak
  7703 | D:8      | Killed a death yak
  7902 | D:9      | Noticed a two-headed ogre
  7909 | D:9      | Killed a two-headed ogre
  7950 | D:9      | Found a staircase to the Lair.
  8411 | D:10     | Entered Level 10 of the Dungeon
  8422 | D:10     | Found a staircase to the Orcish Mines.
  8493 | D:10     | Noticed Urug
  8517 | D:10     | Killed Urug
  8684 | D:10     | Found Noseut's Magic Scroll Shop.
  8695 | D:10     | Noticed Josephine
  8723 | D:9      | Killed Josephine
  8731 | D:9      | Reached skill level 10 in Armour
  8818 | D:10     | Noticed Nergalle
  8835 | D:10     | Killed Nergalle
  8839 | D:10     | Reached XP level 12. HP: 47/63 MP: 16/16
  8905 | D:10     | Found an ancient bone altar of Kikubaaqudgha.
  9014 | D:10     | Reached skill level 13 in Unarmed Combat
  9459 | D:11     | Noticed a boulder beetle
  9470 | D:11     | Killed a boulder beetle
  9537 | D:11     | Noticed a two-headed ogre
  9554 | D:11     | Killed a two-headed ogre
  9574 | D:11     | Reached skill level 14 in Unarmed Combat
  9578 | D:11     | Noticed a two-headed ogre
  9588 | D:11     | Killed a two-headed ogre
  9589 | D:11     | Noticed a two-headed ogre
  9597 | D:11     | Killed a two-headed ogre
  9643 | D:11     | Reached skill level 15 in Unarmed Combat
  9669 | D:11     | Noticed an ogre mage
  9811 | D:11     | Identified the ring "Puifit" {rPois rF++ Str+2 Int-3}
  9855 | D:11     | Killed an ogre mage
 10061 | D:10     | Reached XP level 13. HP: 49/70 MP: 12/17
 10747 | Lair:1   | Entered Level 1 of the Lair of Beasts
 10844 | Lair:1   | Reached skill level 10 in Fighting
 10946 | Lair:1   | Reached skill level 1 in Evocations
 11929 | Lair:2   | Noticed Maggie
 11940 | Lair:2   | Killed Maggie
 11965 | Lair:2   | Gained mutation: You cannot voluntarily change form. [Ru
                  | sacrifice]
 11972 | Lair:2   | Reached skill level 1 in Polearms
 12116 | Lair:2   | Found the +4 robe of Augmentation {Str+4 Int+4 Dex+4}
 12548 | Lair:2   | Found a staircase to the Snake Pit.
 12987 | Lair:3   | Found a transporter.
 12989 | Lair:3   | Noticed osinmv's ghost (journeyman MiBe)
 13022 | Lair:3   | Found a transporter.
 13100 | Lair:3   | Reached skill level 5 in Polearms
 13313 | Lair:3   | Found a staircase to the Shoals.
 13743 | Lair:4   | Gained mutation: You cannot study or use magical devices.
                  | [Ru sacrifice]
 13743 | Lair:4   | Reached **** piety under Ru
 13743 | Lair:4   | Reached ***** piety under Ru
 13840 | Lair:4   | Reached XP level 14. HP: 64/65 MP: 18/18
 15056 | Lair:5   | Entered Level 5 of the Lair of Beasts
 15228 | Lair:5   | Identified the +5 dagger "Ogreslayer" {flame, ^Fragile
                  | Int+2 Dex+5}
 15310 | Lair:5   | Reached skill level 10 in Polearms
 15460 | Lair:5   | Noticed Kirke
 15480 | Lair:5   | Killed Kirke
 15681 | Lair:5   | Identified the +6 great sword of a Gauntlet {venom, rElec
                  | rC- rN+}
 16045 | Lair:5   | Reached XP level 15. HP: 54/80 MP: 17/19
 16258 | Lair:5   | Found a staircase to the Slime Pits.
 16520 | D:12     | Found Xyvikh's General Store.
 16700 | D:12     | Identified the +3 morningstar of Ilikeoxu {flame, ^Fragile
                  | rPois rF+ Dex+3}
 17404 | D:12     | Found a runed translucent door.
 17406 | D:12     | Noticed Laraso's ghost (journeyman DEEE)
 17693 | D:13     | Noticed Frances
 17919 | D:13     | Reached skill level 1 in Shields
 18008 | D:13     | Killed Frances
 18135 | D:13     | Noticed Snorg
 18150 | D:13     | Killed Snorg
 18248 | D:13     | Found Udicy's Self-Improvement Boutique.
 18535 | D:13     | Found a gate to the Vaults.
 18549 | D:13     | Reached skill level 5 in Shields
 18586 | D:13     | Noticed Nessos
 18599 | D:13     | Killed Nessos
 19001 | D:14     | Noticed Lodul
 19006 | D:14     | Killed Lodul
 19068 | D:14     | Gained mutation: You are somewhat inexperienced. (-1 XL)
                  | [Ru sacrifice]
 19068 | D:14     | Reached XP level 14. HP: 77/77 MP: 18/18
 19068 | D:14     | Reached ****** piety under Ru
 19611 | D:15     | Entered Level 15 of the Dungeon
 19613 | D:15     | Found a white marble altar of Elyvilon.
 20399 | D:15     | Reached XP level 15. HP: 62/67 MP: 19/19
 20534 | D:15     | Found a staircase to the Depths.
 20800 | Orc:1    | Entered Level 1 of the Orcish Mines
 20835 | Orc:2    | Entered Level 2 of the Orcish Mines
 20863 | Orc:2    | Noticed Saint Roka
 20891 | Orc:2    | Killed Saint Roka
 20892 | Orc:2    | Reached skill level 10 in Shields
 21002 | Orc:1    | Found a frozen archway.
 21024 | IceCv    | Entered an ice cave
 22218 | Orc:2    | Found a staircase to the Elven Halls.
 22354 | Orc:2    | Found Naup's Jewellery Boutique.
 22819 | Orc:2    | Found Wyal's Assorted Antiques.
 22980 | Orc:2    | Found Zeor's Antique Armour Emporium.
 23012 | Orc:2    | Found Plog's Antique Weapon Shoppe.
 23036 | Orc:2    | Bought a pair of gloves for 130 gold pieces
 23250 | Snake:1  | Entered Level 1 of the Snake Pit
 23488 | Snake:1  | Identified the +1 pair of boots of the Zebra {rF+ Str+5
                  | Dex-3}
 24006 | Snake:2  | Reached skill level 5 in Spellcasting
 24470 | Snake:2  | Reached XP level 16. HP: 84/88 MP: 28/28
 25291 | Snake:3  | HP: 3/78 [naga/+0 short sword (4)]
 25291 | Snake:3  | HP: 1/78 [constriction (2)]
 25292 | Snake:3  | Killed from afar by a naga sharpshooter

Illustrated notes

Levels and vault maps discovered:
D:1:      minmay_arrival_cross, layout_loops_cross, serial_shops,
          nicolae_shop_competitors_out_of_business, due_unseen_surprise
D:2:      layout_rooms
D:3:      layout_basic, nicolae_ru_path_of_blood,
          mainiacjoe_overflow_tiny_flanked, uniq_terence
D:4:      kennysheep_goblin_castle, layout_rooms, ashenzari_conservatory_becter,
          uniq_sigmund
D:5:      layout_basic, serial_shops, nicolae_shop_window_shopping, uniq_edmund,
          uniq_grinder, uniq_eustachio
D:6:      layout_cave_pools, uniq_prince_ribbit1
D:7:      layout_basic, mainiacjoe_overflow_24_doors,
          minmay_temple_entry_proselytizer, enter_bailey_2, abandoned_shop,
          minmay_a_box_with_orc_wizards_in_it
D:8:      layout_basic, lemuel_tele_altar, nemelex_diamond_rough_becter
D:9:      layout_basic, dpeg_lair_monsters
D:10:     layout_long_grid, nicolae_kikubaaqudgha_miasma_corner,
          yredelemnul_altar_generic, erik_orc_4, serial_shops, shop_scrolls,
          roderic_roman_lattice, guppyfry_early_elven_hall, uniq_nergalle,
          uniq_urug, uniq_josephine
D:11:     regret_index_malice_mire, layout_basic, special_room
          [special_room_orc]
D:12:     minmay_general_purpose_star, layout_layer_cave, serial_shops, shop,
          ebering_ghost_reflecting_pool
D:13:     layout_roguey, hellmonk_vaults_attempted_burglary,
          nicolae_shop_self_help, uniq_snorg, uniq_frances, uniq_nessos
D:14:     layout_basic, uniq_lodul
D:15:     grunt_enter_depths_magical_seal, layout_irregular_city,
          elyvilon_altar_5
Lair:1:   layout_regular_city
Lair:2:   layout_regular_city, alex1729_snake_entry_snake, grunt_megastairs_4,
          uniq_maggie
Lair:3:   layout_regular_city, nicolae_shoals_entry_roost,
          gammafunk_ghost_berserking_beasts
Lair:4:   layout_layer_cave, nicolae_lair_grazing_beasts
          [nicolae_sub_lair_graze_edge, nicolae_sub_lair_graze_edge,
          nicolae_sub_lair_graze_edge, nicolae_sub_lair_graze_edge],
          grunt_megastairs_5, infiniplex_staircase_pool_2, lemuel_fruit_tree,
          serial_bayou_shore_b, lemuel_fruit_fields
Lair:5:   minmay_lair_end_enchanted_forest, layout_gridlike,
          dpeg_slime_entry_corner, hangedman_lair_generics_rect, uniq_kirke
Snake:1:  layout_misc_corridors
Snake:2:  layout_chambers, nicolae_zig_zag_zippers
Snake:3:  layout_cave_town, gammafunk_ghost_wrathful_warriors
Orc:1:    layout_diamond_mine, portal_ice_cave_demonic_guard
Orc:2:    grunt_orc_community_town_hall, layout_diamond_mine,
          grunt_orc_community_big_house_2, grunt_orc_community_big_house_2,
          grunt_orc_community_house_1, grunt_orc_community_house_1,
          grunt_orc_community_house_3, grunt_orc_community_house_3,
          grunt_orc_community_house_1, grunt_orc_community_house_2,
          uniq_saint_roka

Skill      XL: |  1  2  3  4  5  6  7  8  9 10 11 12 13 14 15 16 |
---------------+-------------------------------------------------+-----
Unarmed Combat | 1 2 3 4 5 7 8 11 12 15 | 15.0
Fighting       | 2 3 7 8 10 12 | 12.1
Armour         | 5 6 10 11 | 11.5
Evocations     | 0 |  0.0
Polearms       | 7 12 | 12.0
Shields        | 9 10 | 10.0
Spellcasting   | 7 9 |  9.0
Dodging        | |  1.5
Stealth        | |  2.4
Necromancy     | |  4.0

Action                     |  1- 3 |  4- 6 |  7- 9 | 10-12 | 13-15 | 16-18 || total
---------------------------+-------+-------+-------+-------+-------+-------++-------
  Melee: Mace              |    22 |       |       |       |       |       ||    22
         Bite              |    19 |    25 |    87 |   224 |   721 |    33 ||  1109
         Short sword       |    33 |       |       |       |       |       ||    33
         Quarterstaff      |    49 |    62 |       |       |       |       ||   111
         Punch             |     2 |     1 |    14 |    52 |    10 |       ||    79
         Unarmed           |       |    32 |   247 |   561 |   136 |       ||   976
         Lance             |       |       |       |       |  1615 |    64 ||  1679
  Throw: Dart              |       |     5 |     4 |    14 |     4 |       ||    27
         Stone             |       |     4 |       |       |       |       ||     4
         Boomerang         |       |       |     3 |     9 |       |       ||    12
         Throwing net      |       |       |     1 |       |       |       ||     1
 Invoke: Sacrifice Health  |       |       |     1 |       |       |       ||     1
         Sacrifice Love    |       |       |       |     1 |       |       ||     1
         Reject Sacrifices |       |       |       |     1 |     1 |       ||     2
         Apocalypse        |       |       |       |       |    15 |     1 ||    16
         Sacrifice Artific |       |       |       |       |     1 |       ||     1
         Sacrifice Forms   |       |       |       |       |     1 |       ||     1
         Sacrifice Experie |       |       |       |       |     1 |       ||     1
  Evoke: Wand              |       |     1 |     7 |     2 |     7 |       ||    17
    Use: Potion            |     1 |     1 |       |     1 |     3 |     1 ||     7
         Scroll            |       |     3 |     7 |     4 |    27 |     3 ||    44
   Stab: Paralysed         |       |     1 |       |     4 |    28 |       ||    33
         Invisible         |       |       |       |     2 |     7 |       ||     9
         Distracted        |       |       |       |     1 |     5 |       ||     6
 Armour: Robe              |     8 |       |       |       |       |       ||     8
         Plate armour      |   129 |   134 |   318 |   584 |  1236 |    43 ||  2444
  Dodge: Dodged            |    22 |    15 |    64 |   155 |   322 |     5 ||   583
  Block: Buckler           |       |       |       |       |   218 |       ||   218
         Kite shield       |       |       |       |       |   231 |    31 ||   262
